 Dungeon Crawl Stone Soup version 0.17-a0-1481-gfdcec5c (webtiles) character file.

130 mrath the Charlatan (level 4, -3/35 HPs)
             Began as a Draconian Artificer on July 5, 2015.
             Slain by Duvessa
             ... wielding a +0 short sword
              (5 damage)
             ... on level 4 of the Dungeon.
             The game lasted 00:34:08 (2832 turns).

mrath the Charlatan (Draconian Artificer)           Turns: 2832, Time: 00:34:09

Health: -3/35      AC:  6    Str: 14    XL:     4   Next: 89%
Magic:  6/6        EV: 12    Int: 13    God:
Gold:   133        SH:  0    Dex: 11    Spells: 0 memorised, 3 levels left

rFire  . . .     SeeInvis .     a - +0 short sword
rCold  . . .     Clarity  .     (armour unavailable)
rNeg   . . .     SustAt   .     (no shield)
rPois  .         Gourm    .     (helmet restricted)
rElec  .         Spirit   .     u - +0 cloak
rCorr  .         Warding  .     (no gloves)
rMut   .         Stasis   .     (no boots)
MR     .....                    (no amulet)
Stlth  +.........               (no ring)
                                (no ring)

@: flying, not resistant to hostile enchantments, very unstealthy
A: unfitting armour, cold-blooded, AC +5
a: no special abilities


You were on level 4 of the Dungeon.
You were not hungry.

You visited 1 branch of the dungeon, and saw 4 of its levels.

You collected 133 gold pieces.

Inventory:

Hand weapons
 a - a +0 short sword (weapon)
 p - a cursed +0 whip
Missiles
 g - 20 sling bullets
 h - 89 stones (quivered)
 j - 43 bolts
 o - 23 arrows
 t - 19 steel bolts
Armour
 u - a +0 cloak (worn)
Magical devices
 b - a wand of flame (7)
 c - a wand of enslavement (14)
 d - a wand of random effects (14)
Scrolls
 f - 3 scrolls of identify
 l - 2 scrolls of blinking
 r - a scroll of remove curse
Potions
 i - a potion of agility
 q - a potion of poison {unknown}
 s - a potion of curing {unknown}
Comestibles
 e - 3 bread rations


   Skills:
 + Level 1.5 Fighting
 + Level 1.8 Short Blades
 + Level 2.2 Throwing
 + Level 2.8 Dodging
 + Level 1.0 Stealth
 + Level 3.6 Evocations


You had 3 spell levels left.
You didn't know any spells.

Dungeon Overview and Level Annotations

Branches:
Dungeon (4/15)
 Temple: D:4-7

Altars:
Ru

Annotations:
D:4 Dowan, Duvessa


Innate Abilities, Weirdness & Mutations

Your plain brown scales are hard (AC +5).
Your body does not fit into most forms of armour.
You are cold-blooded and may be slowed by cold attacks.


Message History

Zapping:
d - a wand of random effects (15)
Press: ? - help, Shift-Dir - straight line, f/p - Duvessa
Aim: Duvessa, wielding a short sword and wearing a ring mail (severely wounded, fast) Duvessa resists with some effort.
This wand has 14 charges left.
Duvessa hits you with a short sword.
* * * LOW HITPOINT WARNING * * *
Dowan gestures wildly while chanting.
Dowan blinks!
You hit Duvessa but do no damage.
Duvessa is severely wounded.
Duvessa barely misses you. Duvessa hits you with a short sword.
* * * LOW HITPOINT WARNING * * *
Evoke which item? (* to show all) (? for menu, Esc to quit)
Zapping:
b - a wand of flame (8)
Press: ? - help, Shift-Dir - straight line, f/p - Duvessa
Aim: Duvessa, wielding a short sword and wearing a ring mail (severely wounded, fast)
The puff of flame hits Duvessa.
Duvessa appears unharmed.
Duvessa is severely wounded.
This wand has 7 charges left.
Duvessa hits you with a short sword.
You die...

##.....# #.....# #####.#
#.....# ####.# ##....#
###....####...###
.........##.#.# )##.####......#
.##.#.##...####
.##.#.##.#.####################
.##.#...........@e..e(.........
.##...#.##.###########(........
.######>................######.
.# ##############...## .# #..##
.# ##. .# #e .# #e .# #.


You could see Duvessa and Dowan.

Vanquished Creatures
  A giant frog skeleton (D:4)
  A worker ant (D:4)
  An adder (D:2)
  A worm (D:2)
  3 giant geckos
  2 orcs (D:4)
  A ball python (D:2)
  7 bats
  6 goblins
  8 hobgoblins
  4 jackals (D:2)
  2 quokkas (D:2)
  3 giant cockroaches
  A giant newt (D:2)
  4 kobolds
  9 rats
54 creatures vanquished.

Vanquished Creatures (others)
  4 toadstools (D:1)
4 creatures vanquished.

Grand Total: 58 creatures vanquished

Notes
Turn   | Place    | Note
--------------------------------------------------------------
     0 | D:1      | mrath the Draconian Artificer began the quest for the Orb.
     0 | D:1      | Reached XP level 1. HP: 16/16 MP: 3/3
   526 | D:1      | Reached XP level 2. HP: 21/23 MP: 4/4
   824 | D:2      | Reached skill level 1 in Stealth
   942 | D:2      | Reached skill level 1 in Throwing
  1140 | D:2      | Reached XP level 3. HP: 17/28 MP: 5/5
  2041 | D:3      | Reached XP level 4. HP: 35/35 MP: 6/6
  2222 | D:3      | Found a sacrificial altar of Ru.
  2786 | D:4      | Noticed Dowan
  2805 | D:4      | Noticed Duvessa
  2832 | D:4      | Slain by Duvessa

Vault maps used:
D:1:      ldierk_water_garden
D:3:      lemuel_crystal_altar, small_statue_intersection
D:4:      first_bread, minmay_cupped, uniq_duvessa, uniq_pikel

Action                   |  1- 3 |  4- 6 || total
-------------------------+-------+-------++-------
Melee: Short sword       |   158 |    33 ||   191
Throw: Stone             |   127 |    32 ||   159
Evoke: Wand              |     1 |     9 ||    10
  Use: Scroll            |     7 |       ||     7
       Potion            |     2 |     2 ||     4
  Eat: Chunk             |     4 |     1 ||     5
       Bread ration      |       |     1 ||     1
